 Dungeon Crawl Stone Soup version 0.28-a0-1638-g9123634e07 (webtiles) character file.

Game seed: 12712715801645469450

156 hashsling the Chopper (level 5, -1/47 HPs)
             Began as a Hill Orc Fighter on Jan 25, 2022.
             Slain by Grinder (3 damage)
             ... on level 4 of the Dungeon.
             The game lasted 00:05:24 (2605 turns).

hashsling the Chopper (Hill Orc Fighter)            Turns: 2605, Time: 00:05:25

Health: -1/47      AC:  8    Str: 21    XL:     5   Next: 38%
Magic:  5/5        EV:  9    Int:  8    God:
Gold:   225        SH:  4    Dex: 10    Spells: 4/4 levels left

rFire   + . .      SeeInvis .   a - +0 war axe
rCold   + . .      Faith    .   c - +0 buckler
rNeg    . . .      Spirit   .   b - +0 scale mail
rPois   +          Reflect  .   j - +0 helmet
rElec   +          Harm     .   (no cloak)
rCorr   +          Rampage  .   (no gloves)
Will    .....                   (no boots)
Stlth   ..........              (no amulet)
HPRegen 0.15/turn               (no ring)
MPRegen 0.09/turn               (no ring)

@: silenced, resistant
A: no striking features
a: no special abilities


You were on level 4 of the Dungeon.
You visited 1 branch of the dungeon, and saw 4 of its levels.

You collected 225 gold pieces.

Inventory:

Hand Weapons
 a - a +0 war axe (weapon)
Armour
 b - a +0 scale mail (worn)
 c - a +0 buckler (worn)
 j - a +0 helmet (worn)
Scrolls
 g - a scroll of enchant weapon
 h - a scroll of blinking {unknown}
 i - a scroll of enchant armour {unknown}
 l - 3 scrolls of noise
 m - a scroll of brand weapon {unknown}
Potions
 e - 2 potions of invisibility


   Skills:
 + Level 4.5 Fighting
 * Level 5.0 Axes
 + Level 4.1 Armour
 - Level 4.0 Shields


You had 4 spell levels left.
You didn't know any spells.
Your spell library contained the following spells:

 Spells                   Type           Power      Damage    Failure   Level
 Beastly Appendage        Tmut           0%         N/A       83%         1
 Wereblood                Tmut           0%         N/A       92%         2
 Spider Form              Tmut/Pois      0%         N/A       99%         3
 Fireball                 Conj/Fire      0%         3d3       100%        5
 Starburst                Conj/Fire      0%         6d3       100%        6
 Ignition                 Fire           0%         3d3       100%        8


Dungeon Overview and Level Annotations

Branches:
Dungeon (4/15)
 Temple: D:4-7

Altars:
Fedhas
Hepliaklqana
Uskayaw

Annotations:
D:4 Grinder


Message History

Things that are here:
a +0 dagger; a goblin corpse
Found a stone staircase leading down.
Found 4 poisoned darts.
Grinder comes into view.
Grinder shouts!
An adder comes into view.
The adder hisses angrily.
Grinder gestures at you. Pain shoots through your body!
You see here 18 sling bullets.
You feel protected.
You slash the adder!
You kill the adder!
Your Axes skill increases to level 5!
You barely miss Grinder.
Grinder says, "You look like you could use a good racking."
Grinder hits you.
You writhe in agony.
You hit Grinder.
Grinder is lightly wounded.
Grinder hits you! Grinder hits you.
You barely miss Grinder.
Grinder is lightly wounded.
Grinder hits you!
You writhe in agony.
You hit Grinder.
Grinder is lightly wounded.
Grinder hits you but does no damage.
You slash Grinder!
Grinder is heavily wounded.
Grinder hits you.
You writhe in agony.
* * * LOW HITPOINT WARNING * * *
Grinder gestures at you. Pain shoots through your body!
* * * LOW HITPOINT WARNING * * *
Okay, then.
As you read the scroll of silence, it crumbles to dust.
A profound silence engulfs you. Grinder hits you!
* * * LOW HITPOINT WARNING * * *
You writhe in agony.
You die...

###......#
.........# ...#
.........#....#
.........#....#
.........#....#
........(#....#
......5........
.......@..#
###.......##
#.....#..##
#.....#...##
#.....#....#
#.....#....#
#.....+...##
#.)..<#..##
#.....#.##


You could see Grinder (unsilenced).

Vanquished Creatures
  Jessica (D:3)
  4 adders
  An ufetubus (D:3)
  A worm (D:3)
  A dart slug (D:1)
  10 orcs (D:3)
  4 endoplasms
  2 giant cockroaches
  5 goblins
  7 hobgoblins
  6 jackals (D:2)
  8 kobolds
  2 quokkas (D:3)
  7 ball pythons
  5 bats
  A frilled lizard (D:3)
  4 rats
69 creatures vanquished.

Vanquished Creatures (others)
  2 fungi (D:3)
  5 plants (D:3)
7 creatures vanquished.

Grand Total: 76 creatures vanquished

Notes
Turn   | Place    | Note
-------+----------+-------------------------------------------
     0 | D:1      | hashsling the Hill Orc Fighter began the quest for the Orb.
     0 | D:1      | Reached XP level 1. HP: 19/19 MP: 1/1
   184 | D:1      | Reached skill level 3 in Axes
   188 | D:1      | Reached XP level 2. HP: 27/27 MP: 2/2
   629 | D:2      | Reached XP level 3. HP: 24/33 MP: 3/3
   813 | D:2      | Found a hide-covered altar of Uskayaw.
  1186 | D:3      | Reached skill level 4 in Axes
  1420 | D:3      | Reached XP level 4. HP: 36/40 MP: 4/4
  1648 | D:3      | Found a hazy altar of Hepliaklqana.
  1866 | D:3      | Noticed Jessica
  1900 | D:3      | Killed Jessica
  1901 | D:3      | Reached XP level 5. HP: 24/47 MP: 3/5
  2212 | D:3      | Found a blossoming altar of Fedhas.
  2499 | D:3      | Found a faded altar of an unknown god.
  2595 | D:4      | Noticed Grinder
  2600 | D:4      | Reached skill level 5 in Axes
  2605 | D:4      | HP: 2/47 [Grinder (7)]
  2605 | D:4      | Slain by Grinder

Illustrated notes

Levels and vault maps discovered:
D:1:      amcnicky_arrival_choice, layout_basic
D:2:      layout_rooms, basic_altar, minmay_misc_feat_chi
D:3:      layout_loops_ring, overflow_temple_1_default,
          mainiacjoe_overflow_six_doors_small,
          shapermc_ecumenical_altar_mp_urbaneastern, minmay_pentomino_pile,
          uniq_jessica
D:4:      layout_gridville, minivault_19, minmay_starry_boxes, uniq_duvessa,
          uniq_grinder, uniq_eustachio

Skill      XL: |  1  2  3  4  5 |
---------------+----------------+-----
Axes           | 3 4 5 |  5.0
Fighting       | 4 |  4.5
Armour         | 4 |  4.1
Shields        | 4 |  4.0

Action                   |  1- 3 |  4- 6 || total
-------------------------+-------+-------++-------
Melee: War axe           |    79 |   108 ||   187
  Use: Potion            |     1 |     3 ||     4
       Scroll            |       |     5 ||     5
 Stab: Invisible         |       |     5 ||     5
Armor: Scale mail        |    39 |    40 ||    79
Dodge: Dodged            |    47 |    60 ||   107
Block: Buckler           |    23 |    24 ||    47

Table legend: (Time is in decaauts)
 A = Elapsed time spent in this place.
 B = Non-inter-level travel time spent in this place.
 C = Inter-level travel time spent in this place.
 D = Time resting spent in this place.
 E = Time spent auto-exploring this place.
 F = Levels seen in this place.
 G = Mean time per level.
                   A        B        C        D        E       F      G
               +--------+--------+--------+--------+--------+-----+--------+
         Total |   2667 |   2608 |     59 |      0 |   2140 |   4 |  666.8 |
       Dungeon |   2667 |   2608 |     59 |      0 |   2140 |   4 |  666.8 |
               +--------+--------+--------+--------+--------+-----+--------+

Top non-repeatable levels by time:
     D:3: 1476 daAuts
     D:1: 623 daAuts
     D:2: 535 daAuts
     D:4: 31 daAuts
